 Dungeon Crawl Stone Soup version 0.30.0-19-g36f170ea60 (webtiles) character file.

Game seed: 12416344562027825577

574 firemarshallily the Magician (level 6, -1/50 HPs)
             Began as a Demigod Earth Elementalist on May 28, 2023.
             Slain by a killer bee (6 damage)
             ... on level 4 of the Dungeon.
             The game lasted 00:12:42 (3359 turns).

firemarshallily the Magician (DgEE)                 Turns: 3359, Time: 00:12:42

Health: -1/50      AC:  2    Str: 19    XL:     6   Next: 87%
Magic:  4/15       EV: 12    Int: 23    God:
Gold:   113        SH:  0    Dex: 18    Spells: 3/13 levels left

rFire   + + +        n - +0 dagger
rCold   x . .        (no shield)
rNeg    . . .        a - +0 robe
rPois   .            (no helmet)
rElec   +            (no cloak)
rCorr   .            (no gloves)
SInv    +            (no boots)
Will    .....        (no amulet)
Stlth   ++           d - +6 ring of strength
HPRegen 0.28/turn    u - ring "Cethrih" {rElec rF+++ rC- Int+6 SInv}
MPRegen 0.14/turn

%: no passive effects
@: brilliant, lethally poisoned (-1 -> -3), attractive
A: high MP 1, forlorn, divine attributes
a: no special abilities


You were on level 4 of the Dungeon.
You visited 1 branch of the dungeon, and saw 4 of its levels.

You collected 182 gold pieces.
You spent 69 gold pieces at shops.

Inventory:

Hand Weapons
 n - a +0 dagger (weapon)
Missiles
 r - 2 poisoned darts
Armour
 a - a +0 robe (worn)
 h - a +0 ring mail
 m - a +0 leather armour
Jewellery
 d - a +6 ring of strength (left hand)
 u - the ring "Cethrih" (right hand) {rElec rF+++ rC- Int+6 SInv}
   (You found it on level 4 of the Dungeon)

   [ring of intelligence]

   Int:       It affects your intelligence (+6).
   rF:        It renders you almost immune to fire.
   rC:        It makes you vulnerable to cold.
   rElec:     It insulates you from electricity.
   SInv:      It lets you see invisible.
Wands
 q - a wand of paralysis (10)
 v - a wand of acid (5)
Scrolls
 j - a scroll of immolation
 k - a scroll of vulnerability {unknown}
 l - a scroll of torment
 o - a scroll of noise {unknown}
 p - a scroll of butterflies {unknown}
 s - a scroll of amnesia
 x - a scroll of fear {unknown}
Potions
 b - a potion of magic
 c - a potion of mutation {unknown}
 e - 2 potions of ambrosia
 i - a potion of degeneration {unknown}
 w - a potion of invisibility {unknown}


   Skills:
 + Level 2.8 Fighting
 - Level 1.7 Dodging
 - Level 1.7 Stealth
 * Level 4.3 Spellcasting
 + Level 1.5 Conjurations
 - Level 2.3 Transmutations
 + Level 4.1 Earth Magic


You had 3 spell levels left.
You knew the following spells:

 Your Spells              Type           Power      Damage    Failure   Level
a - Sandblast             Erth           70%        2d15      1%          1
b - Passwall              Tmut/Erth      24%        N/A       4%          2
c - Stone Arrow           Conj/Erth      54%        3d10      10%         3
d - Petrify               Tmut/Erth      29%        N/A       26%         4

Your spell library contained the following spells:

 Spells                   Type           Power      Damage    Failure   Level
 Cigotuvi's Dreadful Rot  Necr/Pois/Air  14%        N/A       16%         2
 Ignite Poison            Fire/Tmut/Pois 12%        N/A       22%         3
 Freezing Cloud           Conj/Ice/Air   5%         6-21      92%         5


Dungeon Overview and Level Annotations

Branches:
Dungeon (4/15)             Temple (0/1) D:4

Shops:
D:3 *


Innate Abilities, Weirdness & Mutations

You have an increased reservoir of magic. (+10% MP)
You shall have no god before yourself.
Your divine heritage dramatically boosts your attributes as you level up.


Message History

You feel sick. The killer bee closely misses you.
Your Spellcasting skill increases to level 4!
Casting: Stone Arrow (dangerous; 11% risk of failure)
Confirm with . or Enter, or press ? or * to list all spells.
Aiming: Sandblast (safe; 1% risk of failure)
Press: ? - help, Shift-Dir - straight line, f/p - killer bee
Aim: a killer bee (67% to hit)
You feel a surge of power!
The blast of sand hits the killer bee!!
You kill the killer bee!
You feel sick. The killer bee misses you. The killer bee stings you.
Your Earth Magic skill increases to level 4!
Casting: Sandblast (safe; 1% risk of failure)
Confirm with . or Enter, or press ? or * to list all spells.
Aiming: Stone Arrow (dangerous; 11% risk of failure)
Press: ? - help, Shift-Dir - straight line, f/p - killer bee
Aim: a killer bee (43% to hit)
You feel a surge of power!
The stone arrow misses the killer bee.
The stone arrow hits the killer bee!!
You kill the killer bee!
You feel sick. The killer bee barely misses you.
The killer bee stings you but does no damage.
Casting: Stone Arrow (dangerous; 10% risk of failure)
Confirm with . or Enter, or press ? or * to list all spells.
Aiming: Stone Arrow (dangerous; 10% risk of failure)
Press: ? - help, Shift-Dir - straight line, f - killer bee
Aim: a killer bee (43% to hit)
You feel a surge of power!
The stone arrow hits the killer bee!!
You kill the killer bee!
You feel sick. The killer bee barely misses you.
Casting: Stone Arrow (dangerous; 10% risk of failure)
Confirm with . or Enter, or press ? or * to list all spells.
Aiming: Stone Arrow (dangerous; 10% risk of failure)
Press: ? - help, Shift-Dir - straight line, f - killer bee
Aim: a killer bee (43% to hit)
You feel a surge of power!
The stone arrow hits the killer bee!
The killer bee is almost dead.
You feel sick. The killer bee stings you!
* * * LOW HITPOINT WARNING * * *
The killer bee stings you.
You die...

#.##########.#######.#
####..................#.#
......>..##.###..###..#.# ##
.#####.#....# #..###..#.##.# .#
#.# #### #..##...#.#>#.## .## #.#
#..........###.## ..####.#
##.##.......#...### ....##.#
#................. ..#.##.#
#@###..........##
..#.##.#########y#######..>..####
..#.#..†..........#######..[.....
#.#.#...[..#.................####
#.#.#.####.#......≈≈≈≈≈......# #
#.#.#.# #....≈≈≈≈≈≈≈≈≈....# #
).))..# #..≈≈≈≈≈≈≈≈≈≈≈≈≈..# #
#...### #.≈≈≈≈≈≈...≈≈≈≈≈≈.# #
##..# .........>.≈≈≈≈≈≈.# #


You could see a killer bee.

Vanquished Creatures
  A scorpion (D:4)
  5 killer bees (D:4)
  A vampire bat (D:3)
  A hound (D:4)
  8 gnolls
  5 adders
  2 worms
  2 dart slugs (D:1)
  8 orcs
  6 bats
  3 bat skeletons (D:3)
  2 bat zombies (D:3)
  12 endoplasms
  A giant cockroach (D:1)
  5 goblins
  6 hobgoblins
  A quokka (D:1)
  6 ball pythons
  A frilled lizard (D:3)
  7 kobolds
  6 rats
89 creatures vanquished.

Notes
Turn   | Place    | Note
-------+----------+-------------------------------------------
     0 | D:1      | firemarshallily the Demigod Earth Elementalist began the
                  | quest for the Orb.
     0 | D:1      | Reached XP level 1. HP: 14/14 MP: 5/5
    60 | D:1      | Reached skill level 1 in Transmutations
   143 | D:1      | Reached XP level 2. HP: 22/22 MP: 2/7
   372 | D:1      | Found Reuczidau's Antique Armour Emporium.
   477 | D:1      | Reached XP level 3. HP: 27/27 MP: 3/9
   558 | D:1      | Reached skill level 1 in Fighting
   562 | D:1      | Learned a level 2 spell: Passwall
   566 | D:1      | Learned a level 3 spell: Stone Arrow
  1074 | D:2      | Reached XP level 4. HP: 24/35 MP: 4/10
  1997 | D:3      | Reached XP level 5. HP: 35/41 MP: 7/12
  2206 | D:3      | Found Xonyad's Assorted Antiques.
  2216 | D:3      | Bought a lumpy amethyst potion for 21 gold pieces
  2216 | D:3      | Bought a scroll labelled MORUNU XOLIAH for 24 gold pieces
  2216 | D:3      | Bought a scroll labelled CESUOTI ZALUJIBYR for 24 gold
                  | pieces
  2916 | D:4      | Learned a level 4 spell: Petrify
  3063 | D:4      | Identified the ring "Cethrih" {rElec rF+++ rC- Int+6 SInv}
  3079 | D:4      | Reached XP level 6. HP: 48/48 MP: 8/14
  3185 | D:4      | Found a staircase to the Ecumenical Temple.
  3349 | D:4      | Reached skill level 1 in Conjurations
  3359 | D:4      | Slain by a killer bee

Illustrated notes

Levels and vault maps discovered:
D:1:      dreamdust_arrival_sigmund_warning, layout_rooms, serial_shops,
          nicolae_shop_back_alley_shop
D:2:      layout_loops_cross, corexii_item_surrounded_by_moat,
          minmay_hedge_maze, minmay_misc_feat_tower
D:3:      layout_basic, kennysheep_vampire_church,
          hellmonk_ecumenical_altar_slurped_away, serial_shops, shop
D:4:      layout_loops_ring, temple_pool_b, minmay_rat_hole, uniq_ijyb

Skill      XL: |  1  2  3  4  5  6 |
---------------+-------------------+-----
Transmutations | 1 2 |  2.3
Spellcasting   | 2 3 4 |  4.3
Earth Magic    | 3 4 |  4.1
Fighting       | 1 2 |  2.8
Conjurations   | 1 |  1.5
Dodging        | |  1.7
Stealth        | |  1.7

Action                     |  1- 3 |  4- 6 || total
---------------------------+-------+-------++-------
  Melee: Mace              |     2 |    13 ||    15
         Punch             |       |     1 ||     1
         Dagger            |       |     6 ||     6
   Cast: Sandblast         |    56 |    93 ||   149
         Stone Arrow       |       |    10 ||    10
    Use: Scroll            |       |     4 ||     4
         Potion            |       |     4 ||     4
 Armour: Robe              |     1 |    15 ||    16
  Dodge: Dodged            |    10 |    57 ||    67
